TOP OF THE 1ST |
---|
Springfield Stars batting - Pitching for Hendersonville Hitmen : RHP Paul Ewing | Pitching: RHP Paul Ewing | | Batting: RHB Norberto Taváres | 0-0: Ball 1-0: Called Strike 1-1: Ball 2-1: Foul Ball, location: 2F 2-2: Foul Ball, location: 2F 2-2: DOUBLE (Flyball, 78D) | Batting: LHB Mike Pearson | 0-0: Ball 1-0: Called Strike 1-1: Called Strike 1-2: Foul Ball, location: 2F 1-2: Foul Ball, location: 2F 1-2: Ball 2-2: Strikes out swinging | Batting: LHB Derek Davidson | 0-0: Ball Norberto Taváres steals 3rd base 1-0: Called Strike 1-1: Swinging Strike 1-2: Foul Ball, location: 2F 1-2: Ball 2-2: Ball 3-2: SINGLE (Groundball, 4M) (infield hit) Norberto Taváres scores | Batting: LHB Felipe Guerrero | 0-0: Ball 1-0: Foul Ball, location: 2F 1-1: Fly out, F7 (Flyball, 7S) | Batting: LHB Elliott Newell | 0-0: Ball 1-0: SINGLE (Line Drive, 4MD) Derek Davidson to second | Batting: SHB António De La Cruz | 0-0: Ball 1-0: Called Strike 1-1: Called Strike 1-2: Foul Ball, location: 2F 1-2: Ball 2-2: Ball 3-2: Foul Ball, location: 2F 3-2: Base on Balls Derek Davidson to third Elliott Newell to second | Batting: LHB Jesús Tobías | 0-0: Fly out, F9 (Flyball, 89S) | Top of the 1st over - 1 run, 3 hits, 0 errors, 3 left on base; Springfield 1 - Hendersonville 0 | BOTTOM OF THE 1ST |
---|
Hendersonville Hitmen batting - Pitching for Springfield Stars : LHP José López | Pitching: LHP José López | | Batting: RHB Ron Glass | 0-0: SINGLE (Groundball, 6MD) | Batting: LHB Tommy Payne | 0-0: Grounds into double play, 4-6-3 (Groundball, 4) | Batting: SHB Tony López | 0-0: Ball 1-0: Ground out 3-1 (Groundball, 34) | Bottom of the 1st over - 0 runs, 1 hit, 0 errors, 0 left on base; Springfield 1 - Hendersonville 0 | TOP OF THE 2ND |
---|
Springfield Stars batting - Pitching for Hendersonville Hitmen : RHP Paul Ewing | Batting: RHB Calvin Bennett | 0-0: Ground out 4-3 (Groundball, 4S) | Batting: RHB Dave Henderson | 0-0: Fly out, F3 (Popup, 34) | Batting: RHB Norberto Taváres | 0-0: Called Strike 0-1: Ball 1-1: Called Strike 1-2: Foul Ball, location: 2F 1-2: Ball 2-2: Ball 3-2: Foul Ball, location: 2F 3-2: Foul Ball, location: 2F 3-2: Hit by Pitch | Batting: LHB Mike Pearson | 0-0: Ground out 4-3 (Groundball, 6MD) | Top of the 2nd over - 0 runs, 0 hits, 0 errors, 1 left on base; Springfield 1 - Hendersonville 0 | BOTTOM OF THE 2ND |
---|
Hendersonville Hitmen batting - Pitching for Springfield Stars : LHP José López | Batting: LHB Robert Phillips | 0-0: Ground out 4-3 (Groundball, 4) | Batting: LHB Pedro Rodríguez | 0-0: Foul Ball, location: 2F 0-1: Ball 1-1: Ball 2-1: Called Strike 2-2: Fly out, F7 (Flyball, 7) | Batting: RHB Rafael González | 0-0: Ball 1-0: Swinging Strike 1-1: Called Strike 1-2: Foul Ball, location: 2F 1-2: Ball 2-2: Strikes out swinging | Bottom of the 2nd over - 0 runs, 0 hits, 0 errors, 0 left on base; Springfield 1 - Hendersonville 0 | TOP OF THE 3RD |
---|
Springfield Stars batting - Pitching for Hendersonville Hitmen : RHP Paul Ewing | Batting: LHB Derek Davidson | 0-0: Called Strike 0-1: Ball 1-1: Swinging Strike 1-2: Fly out, F7 (Flyball, 7D) | Batting: LHB Felipe Guerrero | 0-0: Ball 1-0: Ball 2-0: Ball 3-0: Base on Balls | Batting: LHB Elliott Newell | 0-0: Foul Ball, location: 2F 0-1: Ball 1-1: Called Strike 1-2: Ball 2-2: Ball 3-2: Ground out 5-3 (Groundball, 56S) Felipe Guerrero to second | Batting: SHB António De La Cruz | 0-0: Ball 1-0: SINGLE (Flyball, 8LS) Felipe Guerrero to third Runner from 3rd tries for Home, SAFE, no throw | Batting: LHB Jesús Tobías | 0-0: Ball 1-0: Called Strike 1-1: Ground out 4-3 (Groundball, 4) | Top of the 3rd over - 1 run, 1 hit, 0 errors, 1 left on base; Springfield 2 - Hendersonville 0 | BOTTOM OF THE 3RD |
---|
Hendersonville Hitmen batting - Pitching for Springfield Stars : LHP José López | Batting: SHB Rick Turner | 0-0: Foul Ball, location: 2F 0-1: Ball 1-1: Foul Ball, location: 2F 1-2: Strikes out swinging | Batting: RHB Boyd Pittman | 0-0: Ball 1-0: Ball 2-0: Foul Ball, location: 2F 2-1: Fly out, F7 (Flyball, 7S) | Batting: LHB Ralph Schultz | 0-0: Ball 1-0: Ball 2-0: Called Strike 2-1: Called Strike 2-2: Foul Ball, location: 2F 2-2: Strikes out swinging | Bottom of the 3rd over - 0 runs, 0 hits, 0 errors, 0 left on base; Springfield 2 - Hendersonville 0 | TOP OF THE 4TH |
---|
Springfield Stars batting - Pitching for Hendersonville Hitmen : RHP Paul Ewing | Batting: RHB Calvin Bennett | 0-0: Called Strike 0-1: Foul Ball, location: 2F 0-2: Ball 1-2: Ball 2-2: Ball 3-2: Ground out 6-3 (Groundball, 6) | Batting: RHB Dave Henderson | 0-0: Ground out 6-3 (Groundball, 6) | Batting: RHB Norberto Taváres | 0-0: Swinging Strike 0-1: Ball 1-1: Ground out 6-3 (Groundball, 6) | Top of the 4th over - 0 runs, 0 hits, 0 errors, 0 left on base; Springfield 2 - Hendersonville 0 | BOTTOM OF THE 4TH |
---|
Hendersonville Hitmen batting - Pitching for Springfield Stars : LHP José López | Batting: RHB Ron Glass | 0-0: Called Strike 0-1: Reached via error on a dropped throw, E3 | Batting: LHB Tommy Payne | 0-0: Called Strike 0-1: Ball 1-1: Ball 2-1: Called Strike 2-2: Strikes out swinging | Batting: SHB Tony López | 0-0: Called Strike 0-1: Fly out, F9 (Flyball, 9D) | Batting: LHB Robert Phillips | 0-0: Called Strike 0-1: Ball 1-1: Ground out U3 (Groundball, 3L) | Bottom of the 4th over - 0 runs, 0 hits, 1 error, 1 left on base; Springfield 2 - Hendersonville 0 | TOP OF THE 5TH |
---|
Springfield Stars batting - Pitching for Hendersonville Hitmen : RHP Paul Ewing | Batting: LHB Mike Pearson | 0-0: Ground out 6-3 (Groundball, 6) | Batting: LHB Derek Davidson | 0-0: Ball 1-0: Swinging Strike 1-1: Foul Ball, location: 2F 1-2: Ground out U3 (Groundball, 3) | Pitching: RHP Rafael López | | Batting: LHB Felipe Guerrero | 0-0: Ball 1-0: Called Strike 1-1: Ball 2-1: Ground out 3-1 (Groundball, 34) | Top of the 5th over - 0 runs, 0 hits, 0 errors, 0 left on base; Springfield 2 - Hendersonville 0 | BOTTOM OF THE 5TH |
---|
Hendersonville Hitmen batting - Pitching for Springfield Stars : LHP José López | Batting: LHB Pedro Rodríguez | 0-0: Called Strike 0-1: Hit by Pitch | Batting: RHB Rafael González | 0-0: Swinging Strike 0-1: Ball 1-1: Ground out 6-3 (Groundball, 6MS) Pedro Rodríguez to second | Batting: SHB Rick Turner | 0-0: Called Strike 0-1: Ground out 5-3 (Groundball, 5S) Pedro Rodríguez to third | Batting: RHB Boyd Pittman | 0-0: Called Strike 0-1: Ball 1-1: Called Strike 1-2: Ball 2-2: Ground out 6-3 (Groundball, 6) | Bottom of the 5th over - 0 runs, 0 hits, 0 errors, 1 left on base; Springfield 2 - Hendersonville 0 | TOP OF THE 6TH |
---|
Springfield Stars batting - Pitching for Hendersonville Hitmen : RHP Rafael López | Batting: LHB Elliott Newell | 0-0: Ground out U3 (Groundball, 3L) | Batting: SHB António De La Cruz | 0-0: Called Strike 0-1: Ball 1-1: Called Strike 1-2: Fly out, F7 (Flyball, 78M) | Batting: LHB Jesús Tobías | 0-0: Foul Ball, location: 2F 0-1: Called Strike 0-2: Ball 1-2: Ground out 4-3 (Groundball, 4) | Top of the 6th over - 0 runs, 0 hits, 0 errors, 0 left on base; Springfield 2 - Hendersonville 0 | BOTTOM OF THE 6TH |
---|
Hendersonville Hitmen batting - Pitching for Springfield Stars : LHP José López | Batting: LHB Ralph Schultz | 0-0: Ball 1-0: Ball 2-0: Foul Ball, location: 2F 2-1: Ball 3-1: Called Strike 3-2: Strikes out swinging | Batting: RHB Ron Glass | 0-0: Foul Ball, location: 2F 0-1: Fly out, F8 (Flyball, 8LM) | Batting: LHB Tommy Payne | 0-0: SINGLE (Groundball, 6MD) | Batting: SHB Tony López | 0-0: Foul Ball, location: 2F 0-1: SINGLE (Groundball, 4MD) Tommy Payne to second Runner from 2nd tries for 3rd, SAFE, no throw | Batting: LHB Robert Phillips | 0-0: Ball 1-0: Ball 2-0: Fly out, F8 (Flyball, 89D) | Bottom of the 6th over - 0 runs, 2 hits, 0 errors, 2 left on base; Springfield 2 - Hendersonville 0 | TOP OF THE 7TH |
---|
Springfield Stars batting - Pitching for Hendersonville Hitmen : RHP Rafael López | Batting: RHB Calvin Bennett | 0-0: Ball 1-0: Foul Ball, location: 2F 1-1: Foul Ball, location: 2F 1-2: Ball 2-2: Ball 3-2: Base on Balls | Batting: RHB Dave Henderson | 0-0: Called Strike 0-1: Ball 1-1: Ball 2-1: Foul Ball, location: 2F 2-2: Strikes out looking | Batting: RHB Norberto Taváres | 0-0: Foul Ball, location: 2F 0-1: Ball 1-1: Foul Ball, location: 2F 1-2: Ball 2-2: Ball 3-2: Grounds into double play, 6-4-3 (Groundball, 6M) | Top of the 7th over - 0 runs, 0 hits, 0 errors, 0 left on base; Springfield 2 - Hendersonville 0 | BOTTOM OF THE 7TH |
---|
Hendersonville Hitmen batting - Pitching for Springfield Stars : LHP José López | Batting: LHB Pedro Rodríguez | 0-0: Ground out 3-1 (Groundball, 34S) | Batting: RHB Rafael González | 0-0: Fly out, F7 (Line Drive, 78S) | Batting: SHB Rick Turner | 0-0: Called Strike 0-1: Called Strike 0-2: SINGLE (Groundball, 3D) | Batting: RHB Boyd Pittman | 0-0: Called Strike 0-1: Ground out 5-3 (Groundball, 56S) | Bottom of the 7th over - 0 runs, 1 hit, 0 errors, 1 left on base; Springfield 2 - Hendersonville 0 | TOP OF THE 8TH |
---|
Springfield Stars batting - Pitching for Hendersonville Hitmen : RHP Rafael López | Batting: LHB Mike Pearson | 0-0: Foul Ball, location: 2F 0-1: SINGLE (Groundball, 6MD) | Batting: LHB Derek Davidson | 0-0: Swinging Strike 0-1: Ball 1-1: Ball 2-1: Swinging Strike 2-2: Ball 3-2: Base on Balls Mike Pearson to second | Pitching: RHP Mang Tow | | Batting: LHB Felipe Guerrero | 0-0: Ball 1-0: Ball 2-0: Foul Ball, location: 2F 2-1: Foul Ball, location: 2F 2-2: Foul Ball, location: 2F 2-2: Foul Ball, location: 2F 2-2: Foul Ball, location: 2F 2-2: Strikes out swinging | Batting: LHB Elliott Newell | 0-0: Called Strike 0-1: Foul Ball, location: 2F 0-2: Fly out, F9 (Flyball, 89D) Runner from 2nd tags up, SAFE at 3rd, no throw | Batting: SHB António De La Cruz | 0-0: Ball 1-0: Ball 2-0: Ball 3-0: Base on Balls Derek Davidson to second | Batting: LHB Jesús Tobías | 0-0: Fielders Choice at 2nd, 6-4 (Groundball, 6) | Top of the 8th over - 0 runs, 1 hit, 0 errors, 3 left on base; Springfield 2 - Hendersonville 0 | BOTTOM OF THE 8TH |
---|
Hendersonville Hitmen batting - Pitching for Springfield Stars : LHP José López | Batting: LHB Ralph Schultz | 0-0: Ball 1-0: Ground out U3 (Groundball, 3) | Batting: RHB Ron Glass | 0-0: Ball 1-0: Ball 2-0: Ball 3-0: Called Strike 3-1: DOUBLE (Line Drive, 7LD) | Batting: LHB Tommy Payne | 0-0: Foul Ball, location: 2F 0-1: Ball 1-1: Ball 2-1: Foul Ball, location: 2F 2-2: Ball 3-2: Ground out 1-3 (Groundball, 13) Ron Glass to third | Batting: SHB Tony López | 0-0: Foul Ball, location: 2F 0-1: Ball 1-1: Ground out 6-3 (Groundball, 6) | Bottom of the 8th over - 0 runs, 1 hit, 0 errors, 1 left on base; Springfield 2 - Hendersonville 0 | TOP OF THE 9TH |
---|
Springfield Stars batting - Pitching for Hendersonville Hitmen : RHP Mang Tow | Batting: RHB Calvin Bennett | 0-0: Swinging Strike 0-1: Swinging Strike 0-2: Ball 1-2: SINGLE (Groundball, 6D) | Batting: RHB Dave Henderson | 0-0: Foul Ball, location: 2F 0-1: Ball 1-1: Ball 2-1: Swinging Strike 2-2: Grounds into double play, 6-4-3 (Groundball, 6) | Batting: RHB Norberto Taváres | 0-0: Ball 1-0: Called Strike 1-1: Swinging Strike 1-2: Strikes out looking | Top of the 9th over - 0 runs, 1 hit, 0 errors, 0 left on base; Springfield 2 - Hendersonville 0 | BOTTOM OF THE 9TH |
---|
Hendersonville Hitmen batting - Pitching for Springfield Stars : LHP José López | Batting: LHB Robert Phillips | 0-0: Ball 1-0: SINGLE (Line Drive, 4MD) | Pinch Hitting: SHB Miguel González | 0-0: Foul Ball, location: 2F 0-1: Ball 1-1: Swinging Strike 1-2: Foul Ball, location: 2F 1-2: Strikes out swinging | Batting: RHB Rafael González | 0-0: Ball 1-0: Ball 2-0: Fly out, F7 (Flyball, 78M) | Pitching: RHP José Valdéz | | Batting: SHB Rick Turner | 0-0: Called Strike 0-1: Foul Ball, location: 2F 0-2: Ball 1-2: Ball 2-2: Strikes out swinging | Bottom of the 9th over - 0 runs, 1 hit, 0 errors, 1 left on base; Springfield 2 - Hendersonville 0 | |